IL
SYRACUSE CHIEFS @ BUFFALO BISONS
06/27/2099
 
TOP OF THE 1ST
Syracuse Chiefs batting - Pitching for Buffalo Bisons : RHP Kevin Qualls
Pitching: RHP Kevin Qualls
Batting: RHB Jared White 0-0: Fly out, F7 (Flyball, 7S, EV 85.0 MPH)
Batting: RHB Justin Teufel 0-0: Called Strike
0-1: Called Strike
0-2: Ball
1-2: Strikes out looking
Batting: RHB Mike Hoffman 0-0: Swinging Strike
0-1: Ball
1-1: Called Strike
1-2: Ball
2-2: Ball
3-2: Ground out 5-3 (Groundball, 5, EV 104.4 MPH)
Top of the 1st over - 0 runs, 0 hits, 0 errors, 0 left on base; Syracuse 0 - Buffalo 0
BOTTOM OF THE 1ST
Buffalo Bisons batting - Pitching for Syracuse Chiefs : RHP Jesus Naar
Pitching: RHP Jesus Naar
Batting: LHB Josh Rose 0-0: Swinging Strike
0-1: Ball
1-1: Ball
2-1: Foul Ball, location: 7LMF
2-2: Ground out 6-3 (Groundball, 6, EV 82.5 MPH)
Batting: LHB Brian Burton 0-0: Called Strike
0-1: Ball
1-1: Swinging Strike
1-2: Ball
2-2: Fly out, F1 (Line Drive, P, EV 62.5 MPH)
Batting: RHB Justin Marquez 0-0: DOUBLE (Line Drive, 78XD, EV 99.4 MPH)
Batting: RHB Joe Everson 0-0: Ball
1-0: Called Strike
1-1: Ball
2-1: Swinging Strike
2-2: Fly out, F7 (Flyball, 7D, EV 93.8 MPH)
Bottom of the 1st over - 0 runs, 1 hit, 0 errors, 1 left on base; Syracuse 0 - Buffalo 0
TOP OF THE 2ND
Syracuse Chiefs batting - Pitching for Buffalo Bisons : RHP Kevin Qualls
Batting: LHB Jesus Medrano 0-0: Ball
1-0: Fly out, F6 (Flyball, 6D, EV 90.0 MPH)
Batting: RHB Omar Flores 0-0: Ball
1-0: Swinging Strike
1-1: Ground out 1-3 (Groundball, 23, EV 67.5 MPH)
Batting: RHB Juan Balbuena 0-0: Ball
1-0: Foul Ball, location: 2F
1-1: Foul Ball, location: 7LDF
1-2: SOLO HOME RUN (Flyball, 78XD, EV 110.6 MPH), Distance : 439 ft
Batting: LHB Juan Chavez 0-0: Swinging Strike
0-1: Fly out, F8 (Flyball, 89M, EV 81.9 MPH)
Top of the 2nd over - 1 run, 1 hit, 0 errors, 0 left on base; Syracuse 1 - Buffalo 0
BOTTOM OF THE 2ND
Buffalo Bisons batting - Pitching for Syracuse Chiefs : RHP Jesus Naar
Batting: LHB Matt Formosa 0-0: Ball
1-0: Foul Ball, location: 9LMFF
1-1: SINGLE (Groundball, 6MD, EV 102.5 MPH)
Batting: RHB Nate Maine 0-0: SINGLE (Line Drive, 78M, EV 85.0 MPH)
Matt Formosa to second
Batting: LHB Luis Rios 0-0: Ball
1-0: Foul Ball, location: 2F
1-1: Foul Ball, location: 2F
1-2: Ball
2-2: Strikes out swinging
Batting: RHB Alden Young 0-0: Called Strike
0-1: Ball
1-1: Fielders Choice at 2nd, 6-4 (Groundball, 6, EV 93.1 MPH)
Matt Formosa to third
Batting: RHB Franklin Padilla 0-0: Called Strike
0-1: Ball
1-1: DOUBLE (Line Drive, 8LXD, EV 105.0 MPH)
Matt Formosa scores
Alden Young to third
Runner from 3rd tries for Home, SAFE, no throw by CF
Batting: LHB Josh Rose 0-0: Ball
1-0: Ball
2-0: Ball
3-0: Base on Balls
Batting: LHB Brian Burton 0-0: Fly out, F8 (Flyball, 8LM, EV 85.0 MPH)
Bottom of the 2nd over - 2 runs, 3 hits, 0 errors, 2 left on base; Syracuse 1 - Buffalo 2
TOP OF THE 3RD
Syracuse Chiefs batting - Pitching for Buffalo Bisons : RHP Kevin Qualls
Batting: RHB Brandon Blankenship 0-0: Ball
1-0: Called Strike
1-1: Called Strike
1-2: Foul Ball, location: 9LDF
1-2: Ball
2-2: Ball
3-2: Strikes out swinging
Batting: RHB Faical Giraldes 0-0: Called Strike
0-1: Foul Ball, location: 2RF
0-2: Ball
1-2: Foul Ball, location: 2F
1-2: Strikes out swinging
Batting: RHB Jared White 0-0: Called Strike
0-1: Foul Ball, location: 5F
0-2: Foul Ball, location: 9LDF
0-2: TRIPLE (Line Drive, 89XD, EV 103.8 MPH)
Batting: RHB Justin Teufel 0-0: Foul Ball, location: 9LMF
0-1: Swinging Strike
0-2: Ball
1-2: Ball
2-2: Ball
3-2: Strikes out looking
Top of the 3rd over - 0 runs, 1 hit, 0 errors, 1 left on base; Syracuse 1 - Buffalo 2
BOTTOM OF THE 3RD
Buffalo Bisons batting - Pitching for Syracuse Chiefs : RHP Jesus Naar
Batting: RHB Justin Marquez 0-0: SINGLE (Groundball, 15S, EV 63.8 MPH) (infield hit)
Batting: RHB Joe Everson 0-0: Swinging Strike
0-1: Foul Ball, location: 2F
0-2: Foul Ball, location: 5F
0-2: SINGLE (Groundball, 34D, EV 102.5 MPH)
Justin Marquez to second
Runner from 2nd tries for 3rd, SAFE, no throw by RF
Batting: LHB Matt Formosa 0-0: Ball
1-0: Ball
2-0: Ball
3-0: Base on Balls
Joe Everson to second
Batting: RHB Nate Maine 0-0: Called Strike
0-1: Fly out, F7 (Flyball, 7, EV 97.5 MPH)
Runner from 3rd tags up, SCORES, throw by LF
Batting: LHB Luis Rios 0-0: Called Strike
0-1: SINGLE (Groundball, 34D, EV 103.8 MPH)
Joe Everson to third
Matt Formosa to second
Runner from 3rd tries for Home, SAFE, throw by RF to home
Batting: RHB Alden Young 0-0: Swinging Strike
0-1: Ball
1-1: Grounds into double play, 5-4-3 (Groundball, 56, EV 86.3 MPH)
Bottom of the 3rd over - 2 runs, 3 hits, 0 errors, 1 left on base; Syracuse 1 - Buffalo 4
TOP OF THE 4TH
Syracuse Chiefs batting - Pitching for Buffalo Bisons : RHP Kevin Qualls
Batting: RHB Mike Hoffman 0-0: Ball
1-0: Called Strike
1-1: Foul Ball, location: 9LMF
1-2: Strikes out swinging
Batting: LHB Jesus Medrano 0-0: Called Strike
0-1: Called Strike
0-2: Foul Ball, location: 2LF
0-2: Foul Ball, location: 5SF
0-2: Ground out 5-3 (Groundball, 56, EV 88.8 MPH)
Batting: RHB Omar Flores 0-0: Called Strike
0-1: Foul Ball, location: 9LDF
0-2: Ball
1-2: Ball
2-2: Ball
3-2: Fly out, F9 (Flyball, 89XD, EV 88.1 MPH)
Top of the 4th over - 0 runs, 0 hits, 0 errors, 0 left on base; Syracuse 1 - Buffalo 4
BOTTOM OF THE 4TH
Buffalo Bisons batting - Pitching for Syracuse Chiefs : RHP Jesus Naar
Batting: RHB Franklin Padilla 0-0: Called Strike
0-1: Fly out, F6 (Popup, 6, EV 62.5 MPH)
Batting: LHB Josh Rose 0-0: Ball
1-0: Ball
2-0: Ball
3-0: Base on Balls
Batting: LHB Brian Burton 0-0: Called Strike
0-1: Ball
1-1: Foul Ball, location: 2F
1-2: Fielders Choice at 2nd, 3-6 (Groundball, 3S, EV 90.6 MPH)
Batting: RHB Justin Marquez 0-0: Ball
1-0: Foul Ball, location: 9LMF
1-1: Fielders Choice at 2nd, 6-4 (Groundball, 6, EV 85.6 MPH)
Bottom of the 4th over - 0 runs, 0 hits, 0 errors, 1 left on base; Syracuse 1 - Buffalo 4
TOP OF THE 5TH
Syracuse Chiefs batting - Pitching for Buffalo Bisons : RHP Kevin Qualls
Batting: RHB Juan Balbuena 0-0: Foul Ball, location: 9LDF
0-1: Ball
1-1: Fly out, F9 (Line Drive, 9, EV 85.6 MPH)
Batting: LHB Juan Chavez 0-0: Fly out, F7 (Flyball, 78S, EV 86.9 MPH)
Batting: RHB Brandon Blankenship 0-0: SINGLE (Groundball, 6MD, EV 105.0 MPH)
Batting: RHB Faical Giraldes 0-0: Called Strike
0-1: Ball
1-1: Ball
2-1: Ball
3-1: Fielders Choice at 2nd, 6-4 (Groundball, 6, EV 86.3 MPH)
Top of the 5th over - 0 runs, 1 hit, 0 errors, 1 left on base; Syracuse 1 - Buffalo 4
BOTTOM OF THE 5TH
Buffalo Bisons batting - Pitching for Syracuse Chiefs : RHP Jesus Naar
Batting: RHB Joe Everson 0-0: Ground out 6-3 (Groundball, 56, EV 105.6 MPH)
Batting: LHB Matt Formosa 0-0: Ball
1-0: Ball
2-0: Ball
3-0: Called Strike
3-1: Foul Ball, location: 2RF
3-2: Foul Ball, location: 3F
3-2: Foul Ball, location: 2F
3-2: Foul Ball, location: 2F
3-2: Foul Ball, location: 3DF
3-2: Foul Ball, location: 7LSF
3-2: Ground out 2-3 (Groundball, 15S, EV 73.8 MPH)
Batting: RHB Nate Maine 0-0: Ball
1-0: Ground out 6-3 (Groundball, P, EV 90.0 MPH)
Bottom of the 5th over - 0 runs, 0 hits, 0 errors, 0 left on base; Syracuse 1 - Buffalo 4
TOP OF THE 6TH
Syracuse Chiefs batting - Pitching for Buffalo Bisons : RHP Kevin Qualls
Batting: RHB Jared White 0-0: Called Strike
0-1: Ball
1-1: Ball
2-1: Swinging Strike
2-2: DOUBLE (Line Drive, 8RD, EV 103.8 MPH)
Batting: RHB Justin Teufel 0-0: Called Strike
0-1: Fly out, F7 (Flyball, 7S, EV 90.0 MPH)
Batting: RHB Mike Hoffman 0-0: Foul Ball, location: 9LSF
0-1: Ball
1-1: Foul Ball, location: 2F
1-2: Ball
2-2: Foul Ball, location: 5F
2-2: Foul Ball, location: 2F
2-2: Ball
3-2: SINGLE (Line Drive, 7LS, EV 100.0 MPH)
Jared White to third
Runner from 3rd tries for Home, SAFE, throw by LF to home
Batting: LHB Jesus Medrano 0-0: Called Strike
0-1: Foul Ball, location: 2F
0-2: Fly out, F8 (Flyball, 8RS, EV 92.5 MPH)
Batting: RHB Omar Flores 0-0: Called Strike
0-1: Fielders Choice at 2nd, 5-4 (Groundball, 5, EV 86.3 MPH)
Top of the 6th over - 1 run, 2 hits, 0 errors, 1 left on base; Syracuse 2 - Buffalo 4
BOTTOM OF THE 6TH
Buffalo Bisons batting - Pitching for Syracuse Chiefs : RHP Jesus Naar
Batting: LHB Luis Rios 0-0: Called Strike
0-1: Foul Ball, location: 2F
0-2: Foul Ball, location: 2F
0-2: Ground out 6-3 (Groundball, 6, EV 85.6 MPH)
Batting: RHB Alden Young 0-0: Foul Ball, location: 2F
0-1: SINGLE (Groundball, 6MS, EV 76.3 MPH) (infield hit)
Batting: RHB Franklin Padilla 0-0: Called Strike
0-1: Grounds into double play, 5-4-3 (Groundball, 5, EV 85.6 MPH)
Bottom of the 6th over - 0 runs, 1 hit, 0 errors, 0 left on base; Syracuse 2 - Buffalo 4
TOP OF THE 7TH
Syracuse Chiefs batting - Pitching for Buffalo Bisons : RHP Kevin Qualls
Batting: RHB Juan Balbuena 0-0: Ball
1-0: Called Strike
1-1: Fly out, F9 (Flyball, 89M, EV 85.6 MPH)
Pitching: LHP Jon Gonzalez
Batting: RHB Steve Miles 0-0: Swinging Strike
0-1: Foul Ball, location: 23F
0-2: Ball
1-2: Fly out, F2 (Popup, 23F, EV 78.1 MPH)
Pitching: RHP Brian Johnson
Batting: RHB Brandon Blankenship 0-0: Fly out, F8 (Flyball, 78M, EV 90.6 MPH)
Top of the 7th over - 0 runs, 0 hits, 0 errors, 0 left on base; Syracuse 2 - Buffalo 4
BOTTOM OF THE 7TH
Buffalo Bisons batting - Pitching for Syracuse Chiefs : RHP Jesus Naar
Batting: LHB Josh Rose 0-0: Foul Ball, location: 7LDF
0-1: DOUBLE (Flyball, 8LD, EV 103.1 MPH)
Batting: LHB Brian Burton 0-0: Called Strike
0-1: Ground out 6-3 (Groundball, 6, EV 86.9 MPH)
Josh Rose to third
Batting: RHB Justin Marquez 0-0: Ball
1-0: Foul Ball, location: 3F
1-1: Foul Ball, location: 2F
1-2: Foul Ball, location: 23F
1-2: Foul Ball, location: 23FF
1-2: Foul Ball, location: 2F
1-2: Ball
2-2: Ball
3-2: DOUBLE (Line Drive, 7LM, EV 103.8 MPH)
Josh Rose scores
Batting: RHB Joe Everson 0-0: Foul Ball, location: 2F
0-1: Ball
1-1: Called Strike
1-2: Ball
2-2: Ball
3-2: Foul Ball, location: 2F
3-2: 2-RUN HOME RUN (Flyball, 9LD, EV 92.5 MPH), Distance : 336 ft
Pitching: RHP Brad Funk
Batting: LHB Matt Formosa 0-0: DOUBLE (Groundball, 5L, EV 104.4 MPH)
Batting: RHB Nate Maine 0-0: Called Strike
0-1: Ball
1-1: Foul Ball, location: 9LSF
1-2: Ball
Wild Pitch!
Matt Formosa to third
2-2: Fly out, F6 (Popup, 6MD, EV 65.6 MPH)
Batting: LHB Luis Rios 0-0: Ground out 1-3 (Groundball, 13S, EV 66.9 MPH)
Bottom of the 7th over - 3 runs, 4 hits, 0 errors, 1 left on base; Syracuse 2 - Buffalo 7
TOP OF THE 8TH
Syracuse Chiefs batting - Pitching for Buffalo Bisons : RHP Brian Johnson
Batting: RHB Faical Giraldes 0-0: Ball
1-0: Ball
2-0: Swinging Strike
2-1: Foul Ball, location: 2F
2-2: Strikes out swinging
Pinch Hitting: LHB Tom Monroe 0-0: Ball
1-0: Ball
2-0: Called Strike
2-1: Ball
3-1: Foul Ball, location: 2F
3-2: Strikes out looking
Batting: RHB Justin Teufel 0-0: Foul Ball, location: 23F
0-1: Ball
1-1: Swinging Strike
1-2: Ball
2-2: SINGLE (Line Drive, 89S, EV 109.4 MPH)
Batting: RHB Mike Hoffman 0-0: Ball
1-0: Foul Ball, location: 7LMF
1-1: Foul Ball, location: 2F
1-2: Strikes out swinging
Top of the 8th over - 0 runs, 1 hit, 0 errors, 1 left on base; Syracuse 2 - Buffalo 7
BOTTOM OF THE 8TH
Buffalo Bisons batting - Pitching for Syracuse Chiefs : RHP Brad Funk
Now in CF: Brian Martin
Batting: RHB Alden Young 0-0: Called Strike
0-1: Ball
1-1: Ball
2-1: Ground out 6-3 (Groundball, 6, EV 99.4 MPH)
Batting: RHB Franklin Padilla 0-0: Called Strike
0-1: Swinging Strike
0-2: Ball
1-2: Foul Ball, location: 5DF
1-2: Strikes out swinging
Batting: LHB Josh Rose 0-0: Ball
1-0: Ground out 4-3 (Groundball, 4, EV 86.3 MPH)
Bottom of the 8th over - 0 runs, 0 hits, 0 errors, 0 left on base; Syracuse 2 - Buffalo 7
TOP OF THE 9TH
Syracuse Chiefs batting - Pitching for Buffalo Bisons : RHP Brian Johnson
Batting: LHB Jesus Medrano 0-0: Ball
1-0: Fly out, F7 (Flyball, 7, EV 78.8 MPH)
Batting: RHB Omar Flores 0-0: Swinging Strike
0-1: Called Strike
0-2: Ground out 4-3 (Groundball, 4, EV 91.9 MPH)
Batting: RHB Juan Balbuena 0-0: Called Strike
0-1: Ball
1-1: Ball
2-1: Ball
3-1: Base on Balls
Batting: RHB Steve Miles 0-0: Ball
1-0: Called Strike
1-1: 2-RUN HOME RUN (Flyball, 78XD, EV 106.3 MPH), Distance : 394 ft
Batting: RHB Brandon Blankenship 0-0: Ball
1-0: Ball
2-0: Ground out U3 (Groundball, 3, EV 86.9 MPH)
Top of the 9th over - 2 runs, 1 hit, 0 errors, 0 left on base; Syracuse 4 - Buffalo 7
Friday, May 10th , 2024 - OOTP Baseball 24.11 Build 85